[Event "Live Chess"]
[Site "Chess.com"]
[Date "2023.05.21"]
[Round "-"]
[White "TheKingKeir"]
[Black "CeladonFish"]
[Result "0-1"]
[WhiteElo "1501"]
[BlackElo "1112"]
[TimeControl "300"]
[EndTime "4:58:39 PDT"]
[Termination "CeladonFish won by resignation"]

1. e4 d6 2. d4 Nf6 3. Bd3 g6 4. c4 Bg7 5. Nc3 O-O 6. Nge2 c5 7. d5 Nh5 8. f4 a6 9. O-O Bd7 10. f5 gxf5 11. exf5 b5 12. b3 bxc4 13. bxc4 e6 14. fxe6 fxe6 15. dxe6 Bxe6 16. Qc2 Rxf1+ 17. Kxf1 Qf6+ 18.
Kg1 Bg4 19. Bb2 Bxe2 20. Qxe2 Nc6 21. Qxh5 Qd4+ 22. Kh1 Qxd3 23. Rd1 Rf8 24. h3 Rf1+ 25. Rxf1 Qxf1+ 26. Kh2 Be5+ 27. g3 Qf2+ 28. Kh1 Qxb2 29. Qe8+ Kg7 30. Qxc6 Qxc3 31. Qd7+ Kf6 32. Qxh7 Qe1+ 0-1

[Event "Live Chess"]
[Site "Chess.com"]
[Date "2023.05.21"]
[Round "-"]
[White "JohanKjeldahl"]
[Black "seasidecastle27"]
[Result "1-0"]
[WhiteElo "1882"]
[BlackElo "1845"]
[TimeControl "300"]
[EndTime "4:58:45 PDT"]
[Termination "JohanKjeldahl won by checkmate"]

1. c4 e5 2. Nc3 d6 3. e3 Nf6 4.
Nf3 Be7 5. Be2 Nc6 6. O-O O-O 7. a3 a5 8. d4 exd4 9. Nxd4 Nxd4 10. exd4 Bf5 11. Bf3 c6 12. d5 cxd5 13. Nxd5 Rb8 14. Nxe7+ Qxe7 15. Bf4 Rfd8 16. Re1 Qd7 17. c5 Rbc8 18.
cxd6 Rc4 19. Bg3 Be4 20. b3 Bxf3 21. Qxf3 Rc6 22. Rad1 Ne8 23. Re7 Qc8 24. Qxf7+ Kh8 25. Qf8# 1-0

[Event "Live Chess"]
[Site "Chess.com"]
[Date "2023.05.21"]
[Round "-"]
[White "Mikhail_Golubev"]
[Black "GwaryTek"]
[Result "1-0"]
[WhiteElo "2450"]
[BlackElo "2061"]
[TimeControl "300"]
[EndTime "4:58:51 PDT"]
[Termination "Mikhail_Golubev won on time"]

1. e4 Nf6 2. Nc3 d5 3. e5 Ne4 4.
Nce2 Nc5 5. d4 Nca6 6. f4 Bg4 7. h3 Bxe2 8. Bxe2 e6 9. Nf3 c5 10. O-O Nc6 11. c3 Nc7 12. Be3 b6 13. Qa4 Qd7 14. Rad1 Nxe5 15. Qxd7+ Nxd7 16. f5 Bd6 17. fxe6 fxe6 18.
c4 O-O 19. dxc5 bxc5 20. Ng5 d4 21. Ne4 Be5 22. Bf2 Rab8 23. b3 Bf4 24. g3 Be5 25. Kg2 h6 26. Rfe1 Rf7 27. Bh5 Re7 28. Nxc5 Nxc5 29.
Rxe5 1-0

[Event "Live Chess"]
[Site "Chess.com"]
[Date "2023.05.21"]
[Round "-"]
[White "davigator"]
[Black "whitedjohn"]
[Result "1-0"]
[WhiteElo "2330"]
[BlackElo "1659"]
[TimeControl "300"]
[EndTime "4:58:51 PDT"]
[Termination "davigator won by resignation"]

1. e4 Nf6 2. e5 Nd5 3. d4 d6 4.
c4 Nb6 5. f4 dxe5 6. fxe5 Nc6 7.
Be3 Bf5 8. Nc3 e6 9. Rc1 Be7 10. Nf3 O-O 11. Be2 f6 12. exf6 Bxf6 13. O-O Qd7 14.
c5 Nd5 15. Nxd5 exd5 16. Qd2 Bg4 17. b4 a6 18. a4 Ne7 19. b5 axb5 20. axb5 c6 21.
b6 Nf5 22. Bf2 Rfe8 23. Ra1 Qe6 24. Rxa8 Rxa8 25. Bd1 Ra3 26. Re1 Qd7 27. Qf4 Bxf3 28. Bxf3 Ra4 29. Bg4 g6 30. Bxf5 Qxf5 31. Qb8+ Kg7 32.
Qxb7+ Kh6 33. Be3+ Bg5 34. Bxg5+ Kxg5 35. Qxh7 1-0

[Event "Live Chess"]
[Site "Chess.com"]
[Date "2023.05.21"]
[Round "-"]
[White "Vitalii18a"]
[Black "LL220284LL"]
[Result "0-1"]
[WhiteElo "1136"]
[BlackElo "2328"]
[TimeControl "300"]
[EndTime "4:59:04 PDT"]
[Termination "LL220284LL won by checkmate"]

1. e4 b6 2. Nf3 g6 3. c3 Bg7 4. Bb5 Bb7 5. d3 a6 6. Ba4 b5 7. Bc2 c5 8. O-O d6 9. Re1 Nf6 10. d4 O-O 11. dxc5 dxc5 12. Bg5 h6 13. Bh4 Nc6 14.
h3 Qb6 15. Nh2 Rad8 16. Qe2 Ne5 17. Nd2 c4 18. Ndf3 Nd3 19. b3 Nxe4 20. bxc4 bxc4 21. Bxe7 Nexf2 22. Bxd8 Rxd8 23. Ng4 Nxg4+ 24. Kh1 Ndf2+ 25.
Kg1 Nxh3+ 26. Kh1 Nhf2+ 27. Kg1 Ne4+ 28. Kh1 Ng3# 0-1

[Event "Live Chess"]
[Site "Chess.com"]
[Date "2023.05.21"]
[Round "-"]
[White "ElectricFalcon"]
[Black "TheSmoulderingMaster"]
[Result "0-1"]
[WhiteElo "1070"]
[BlackElo "1639"]
[TimeControl "300"]
[EndTime "4:59:06 PDT"]
[Termination "TheSmoulderingMaster won by resignation"]

1. d4 Nf6 2. c4 d6 3. Nf3 g6 4. Nc3 Bg7 5. Bg5 O-O 6. e4 c6 7. e5 Ne8 8. exd6 Nxd6 9. c5 Nf5 10. Bd3 Nxd4 11. Nxd4 Bxd4 12. O-O Bxc5 13. Ne4 Bd4 14. Rb1 Bf5 15. Qe2 Nd7 16. b3 Ne5 17. Rbd1 Qd5 18. Bxe7 Rfe8 19. Bf6 Nxd3 20. Qd2 Bxe4 21. Qh6 Bxf6 22.
Qd2 Rad8 23. Qe3 Bd4 0-1

[Event "Live Chess"]
[Site "Chess.com"]
[Date "2023.05.21"]
[Round "-"]
[White "ossie57"]
[Black "chessfiction"]
[Result "0-1"]
[WhiteElo "1888"]
[BlackElo "2312"]
[TimeControl "300"]
[EndTime "4:59:23 PDT"]
[Termination "chessfiction won by resignation"]

1. d4 d5 2. Nc3 e5 3. dxe5 d4 4. Ne4 Nc6 5. Nf3 Bf5 6. Ng3 Bg6 7. h4 h5 8. a3 Nh6 9. Bxh6 gxh6 10. e3 dxe3 11.
Qxd8+ Rxd8 12. fxe3 Bc5 13. e4 Nd4 14. O-O-O Nxf3 15.
gxf3 Be3+ 16. Kb1 Rxd1+ 17. Ka2 Ke7 18. Nf5+ Bxf5 19. exf5 Rhd8 20. f6+ Ke6 21. f4 Bxf4 22. Bh3+ Kxe5 0-1

[Event "Live Chess"]
[Site "Chess.com"]
[Date "2023.05.21"]
[Round "-"]
[White "f4nomore"]
[Black "raminguy"]
[Result "0-1"]
[WhiteElo "1383"]
[BlackElo "1951"]
[TimeControl "300"]
[EndTime "4:59:26 PDT"]
[Termination "raminguy won by resignation"]

1. e4 e5 2. Nf3 Nc6 3. Bc4 Bc5 4. b4 Bxb4 5. c3 Ba5 6. O-O d6 7. d4 Bg4 8. dxe5 Nxe5 9. Nbd2 Nf6 10. Qa4+ c6 11.
Qxa5 Qxa5 12. Nxe5 dxe5 13. Nb3 Qxc3 14. Bd2 Qxc4 15. Rac1 Qa6 16. f3 Be6 17. Kh1 O-O 18. Nc5 Qxa2 19. Bb4 Nh5 20. Nxe6 fxe6 21. Bxf8 Nf4 22.
Rg1 Rxf8 23. Ra1 Nd3 24. Rgd1 Nf2+ 25. Kg1 Nxd1 26. Rxa2 a6 27. g3 Nc3 28. Rd2 a5 29.
Rd6 a4 30. Rd7 b5 31. Ra7 Rb8 32. Kg2 b4 33. f4 b3 0-1

[Event "Live Chess"]
[Site "Chess.com"]
[Date "2023.05.21"]
[Round "-"]
[White "yarek"]
[Black "WelshTiger"]
[Result "0-1"]
[WhiteElo "1893"]
[BlackElo "2307"]
[TimeControl "300"]
[EndTime "4:59:31 PDT"]
[Termination "WelshTiger won on time"]

1. e4 d6 2. d4 Nf6 3. Nc3 e5 4. d5 g6 5. Nf3 Bg7 6. Be2 O-O 7. O-O c6 8. dxc6 bxc6 9. h3 h6 10. Be3 Kh7 11. Qd2 Qc7 12. Rad1 Rd8 13. a3 Be6 14. b3 d5 15. exd5 Nxd5 16. Nxd5 cxd5 17. c3 Nc6 18. Bb5 Rab8 19. Bxc6 Qxc6 20. Bxa7 Rxb3 21.
c4 Qxc4 22. Rc1 Qa4 23. Bc5 d4 24. Bb4 Qd7 25. Qc2 Rxf3 26. gxf3 Bxh3 27. Qe4 Bxf1 28. Kxf1 Qd5 29. Qxd5 Rxd5 30. Rc7 d3 31. Ke1 Kg8 32. Rc8+ Kh7 33. Kd2 Bf6 34. a4 Bg5+ 0-1

[Event "Live Chess"]
[Site "Chess.com"]
[Date "2023.05.21"]
[Round "-"]
[White "manthanit"]
[Black "Chesscoach_Golichenko"]
[Result "0-1"]
[WhiteElo "1095"]
[BlackElo "2612"]
[TimeControl "300"]
[EndTime "4:59:36 PDT"]
[Termination "Chesscoach_Golichenko won by resignation"]

1. e4 Nf6 2. e5 Nd5 3. d4 d6 4.
Nf3 g6 5. Bc4 c6 6. exd6 Qxd6 7.
Bxd5 cxd5 8. O-O Bg7 9. Be3 O-O 10. Re1 Nc6 11. c3 f6 12. Nbd2 e5 13. Nf1 e4 14.
N3d2 f5 15. f3 f4 16. fxe4 fxe3 17. Nxe3 dxe4 18. Nxe4 Qf4 19. Ng3 Bd7 20. Nd5 Qd6 21.
Ne3 Kh8 22. Qd2 Rae8 23. Nc4 Qc7 24. Rxe8 Rxe8 25. Rf1 Nxd4 26. b3 Nf5 27. Nxf5 Bxf5 28. Re1 Rxe1+ 29. Qxe1 h5 30. Ne3 Qxc3 31. Qxc3 Bxc3 32.
Nxf5 gxf5 0-1

[Event "Live Chess"]
[Site "Chess.com"]
[Date "2023.05.21"]
[Round "-"]
[White "smoggyrabbit"]
[Black "MarkLim1"]
[Result "0-1"]
[WhiteElo "1669"]
[BlackElo "1694"]
[TimeControl "300"]
[EndTime "4:59:37 PDT"]
[Termination "MarkLim1 won on time"]

1. d4 Nf6 2. Nf3 e6 3. e3 c5 4. Bd3 b6 5. O-O Be7 6. b3 Ba6 7. Bb2 Bxd3 8. Qxd3 O-O 9. Nbd2 d5 10.
Ne5 Qc7 11. f4 Nc6 12. Rf3 cxd4 13. exd4 Nb4 14. Qc3 Qxc3 15. Rxc3 Rfc8 16. Rxc8+ Rxc8 17. c4 dxc4 18. bxc4 Ne8 19. Rf1 a5 20. Nd7 Nxa2 21. Nxb6 Rb8 22. Ra1 Rxb6 23. Rxa2 Bb4 24. Bc1 Nf6 25.
c5 Rb8 26. Nc4 Bc3 27. Bd2 Bxd4+ 28. Kf1 Bxc5 29. Rxa5 Bd4 30. Bb4 g6 31. Bd6 Rc8 32. Ne5 Nd5 33. Ra4 Rc1+ 34. Ke2 Nc3+ 35. Kd2 Be3+ 36. Kxe3 Nxa4 37. Nd7 Nc3 38. Nf6+ Kg7 39.
Be5 Kh6 40. g4 Nd5+ 41. Kd2 Nxf6 42. Kxc1 Nxg4 43. Bd4 Kh5 44. Kd2 Nxh2 45. Ke2 Ng4 46. Kf3 Nh6 47. Ke4 Nf5 48. Bf6 h6 49. Be5 Kg4 50. Kd3 h5 51. Ke2 h4 52. Bd4 Ng3+ 53. Ke1 h3 54. Bg1 Kxf4 55. Bh2 Kg4 56. Kf2 Ne4+ 0-1

[Event "Live Chess"]
[Site "Chess.com"]
[Date "2023.05.21"]
[Round "-"]
[White "AbilifyXL"]
[Black "Dhaydon19"]
[Result "0-1"]
[WhiteElo "1961"]
[BlackElo "2701"]
[TimeControl "300"]
[EndTime "4:59:42 PDT"]
[Termination "Dhaydon19 won on time"]

1. d4 c6 2. c4 d5 3. Nc3 Nf6 4. cxd5 cxd5 5. Nf3 a6 6. Bg5 e6 7. e3 Nbd7 8. Bd3 b5 9. O-O Bb7 10. a3 Be7 11. b4 Rc8 12. Rc1 Nb6 13. Nd2 Nc4 14. Ncb1 O-O 15. Nb3 Nd7 16. Bxe7 Qxe7 17. Nc5 Nxc5 18. bxc5 Bc6 19. Qc2 g6 20. Rfe1 Rfd8 21.
h3 e5 22. Rcd1 Re8 23. Bxc4 bxc4 24. Nc3 exd4 25. exd4 Qf6 26. Qd2 Kg7 27. Rxe8 Rxe8 28. Kf1 Rb8 29. Rb1 Rb3 30. Ra1 Qf5 31. h4 h5 32. g3 Bd7 33. Re1 Qh3+ 34. Kg1 Bg4 35. Qe3 Rxa3 36. Qe5+ Kh7 37. Nxd5 Be6 38. Nf6+ Kh6 39. d5 Bf5 40. Ng8+ Kh7 41. Nf6+ Kh6 42. Ne8 f6 43. Nxf6 Bd7 44. Qf4+ Kg7 45. Qe5 Kh6 46. Qf4+ Kg7 47. Qe5 Qf5 48. Nxd7+ Qxe5 49. Nxe5 Ra5 50. c6 Rxd5 51. c7 Rc5 52. Ra1 c3 53. Nd3 Rxc7 54.
Rxa6 c2 55. Nc1 Rd7 56. Nb3 Rd1+ 57. Kg2 c1=Q 58. Nxc1 Rxc1 59. Ra7+ Kh6 60. Ra6 Rc4 61. f4 Rc8 62. Kh3 Rc5 63. Rb6 Ra5 64. Ra6 Rxa6 65. f5 gxf5 66. g4 fxg4+ 67. Kg3 Ra3+ 68. Kf4 g3 0-1

[Event "Live Chess"]
[Site "Chess.com"]
[Date "2023.05.21"]
[Round "-"]
[White "McSlash1"]
[Black "Ginger_GM"]
[Result "0-1"]
[WhiteElo "2003"]
[BlackElo "2731"]
[TimeControl "300"]
[EndTime "4:59:48 PDT"]
[Termination "Ginger_GM won by resignation"]

1. e4 e6 2. d4 d5 3. Nd2 Nf6 4. e5 Nfd7 5. Bd3 c5 6. c3 Nc6 7. Ngf3 Be7 8. O-O a5 9. Bb1 cxd4 10. cxd4 b6 11. a3 Ba6 12. Re1 g5 13. h3 h5 14. Nf1 a4 15. N1h2 Bc4 16. Bc2 b5 17. b3 axb3 18. Bxb3 Nb6 19. Bc2 Rg8 20. Bh7 Rg7 21.
Bd3 g4 22. hxg4 hxg4 23. Bh6 Rg8 24. Bxc4 dxc4 25. Nd2 Nxd4 26. Ne4 Qd5 27. Be3 Qxe4 28. Bxd4 Qc6 29. Bxb6 Qxb6 30. Nxg4 Rd8 31. Qf3 Rd3 32.
Nf6+ Bxf6 33. Qxf6 Qc6 34. f3 Rxf3 35. Qh4 Rf1+ 0-1

[Event "Live Chess"]
[Site "Chess.com"]
[Date "2023.05.21"]
[Round "-"]
[White "ViktorTheCoolBoy"]
[Black "Berdgross"]
[Result "1-0"]
[WhiteElo "2477"]
[BlackElo "667"]
[TimeControl "300"]
[EndTime "5:00:01 PDT"]
[Termination "ViktorTheCoolBoy won by checkmate"]

1. e4 e5 2. Nf3 d6 3. Bc4 Bg4 4. Nc3 Nc6 5. h3 Bxf3 6. Qxf3 Nf6 7. d3 Nd4 8. Qd1 c5 9. O-O a6 10. a4 Be7 11. f4 exf4 12. Bxf4 O-O 13. Bg5 h5 14.
Bxf6 Bxf6 15. Qxh5 g6 16. Qxg6+ Bg7 17. Rxf7 Rxf7 18.
Qxf7+ Kh7 19. Rf1 Nxc2 20. Qh5+ Bh6 21. Rf7+ Kg8 22. Qg6+ Bg7 23. Qxg7# 1-0

[Event "Live Chess"]
[Site "Chess.com"]
[Date "2023.05.21"]
[Round "-"]
[White "WilliWeisswurst"]
[Black "jbooth"]
[Result "1-0"]
[WhiteElo "1783"]
[BlackElo "1701"]
[TimeControl "300"]
[EndTime "5:00:06 PDT"]
[Termination "WilliWeisswurst won by resignation"]

1. e4 d6 2. Nf3 Nf6 3. Bd3 Nbd7 4. c3 Nc5 5. Bc2 Nfxe4 6. O-O Nf6 7. d4 Ncd7 8. Re1 e6 9. Nbd2 Be7 10. Nf1 c5 11. h3 cxd4 12. Nxd4 O-O 13. Qf3 Rb8 14. Be3 b6 15.
Bb3 Ne5 16. Qe2 a6 17. Rad1 Bb7 18. Bf4 Ng6 19. Bg3 Rc8 20. h4 Re8 21. Nh2 Qc7 22. h5 Nf8 23. h6 g6 24. Ng4 Nxg4 25. Qxg4 e5 26. Nf3 Bf6 27. Ng5 Ne6 28. Nxe6 fxe6 29. Bxe6+ Kh8 30. Bxc8 Bxc8 31. Qe4 Be6 32. Bh4 Qe7 33.
Bxf6+ Qxf6 34. Qb7 Bf7 35. Qxb6 g5 36. Qxd6 Qf4 37.
Qd7 Kg8 38. Rd6 Rf8 39. Rxa6 Qf6 40. Rxf6 1-0

[Event "Live Chess"]
[Site "Chess.com"]
[Date "2023.05.21"]
[Round "-"]
[White "RockTroll"]
[Black "NAZRIZ1977"]
[Result "0-1"]
[WhiteElo "2221"]
[BlackElo "1970"]
[TimeControl "300"]
[EndTime "5:00:14 PDT"]
[Termination "NAZRIZ1977 won by resignation"]

1. Nf3 g6 2. g3 Bg7 3. Bg2 Nf6 4. d3 O-O 5. Bd2 c5 6. Qc1 Re8 7. Bh6 Bh8 8. h4 Nc6 9. h5 d6 10. hxg6 fxg6 11. Nc3 Ng4 12. Bg5 Rf8 13. e4 Nd4 14. Nd5 Rf7 15. Nxd4 Bxd4 16. f3 Nf6 17. Bxf6 Bxf6 18. Qh6 Rg7 19. O-O-O Be6 20. Nxf6+ exf6 21. Rh4 Bxa2 22. b3 a5 23. Kb2 a4 24. Kxa2 axb3+ 25. Kb2 Qa5 26. cxb3 Qa2+ 27. Kc3 Qxg2 28. Rh2 Qxg3 29.
f4 Qe3 30. Kb2 Qd4+ 0-1

[Event "Live Chess"]
[Site "Chess.com"]
[Date "2023.05.21"]
[Round "-"]
[White "JanMur7"]
[Black "ameetghasi100"]
[Result "0-1"]
[WhiteElo "1960"]
[BlackElo "2602"]
[TimeControl "300"]
[EndTime "5:00:14 PDT"]
[Termination "ameetghasi100 won by resignation"]

1. e4 c5 2. Nf3 Nc6 3. c3 e6 4. d4 Nf6 5. e5 Nd5 6. Bc4 d6 7. Bxd5 exd5 8. exd6 Bxd6 9. dxc5 Bxc5 10. O-O O-O 11.
Nbd2 Bg4 12. h3 Bh5 13. Qb3 Qd7 14. Qb5 Bb6 15. Qd3 Rae8 16. Nb3 Re6 17. Nbd4 Rg6 18.
Kh2 Bc7+ 19. g3 Re8 20. Nh4 Nxd4 21. cxd4 Rge6 22. Be3 Re4 23. Nf3 Bxf3 0-1

[Event "Live Chess"]
[Site "Chess.com"]
[Date "2023.05.21"]
[Round "-"]
[White "chrisbradgate"]
[Black "Pablo_dmp"]
[Result "0-1"]
[WhiteElo "865"]
[BlackElo "1875"]
[TimeControl "300"]
[EndTime "5:00:15 PDT"]
[Termination "Pablo_dmp won on time"]

1. d4 Nf6 2. Bf4 d5 3. e3 Bf5 4. a3 e6 5. c3 c5 6. Bd3 Bg6 7. Nf3 Bd6 8. Bg3 Nc6 9. O-O cxd4 10. exd4 Ne4 11. Bxe4 Bxe4 12. Nfd2 Bd3 13. Re1 O-O 14.
Re3 Bg6 15. Nf3 Ne7 16. Nh4 Rc8 17. Nxg6 hxg6 18. Bxd6 Qxd6 19. Rh3 Nf5 20. Nd2 Qf4 21. Nf1 Rc6 22. Ng3 Nh6 23. Qe2 Rb6 24. b4 Rc8 25. Qd3 Rbc6 26. Ne2 Qf5 27. Qxf5 gxf5 28. Rc1 Ng4 29.
Ng3 f4 30. Nh5 g6 31. Nxf4 Nf6 32. Ne2 Ne4 33. Kf1 Nd2+ 34. Ke1 Nc4 35. g3 Nxa3 36.
g4 Nc4 37. Nf4 Nb2 38. Ne2 Kg7 39. Nf4 Rh8 40. Rxh8 Kxh8 41. h3 g5 42. Ne2 Nd3+ 43. Kd2 Nxc1 44. Nxc1 Kg7 45. Ne2 f6 46. f3 Ra6 47. Nc1 Ra1 48. Ne2 Rh1 49. Kd3 Rxh3 50. Kd2 Rxf3 51. Ke1 Re3 52. Kd2 Re4 53. Ke1 Rxg4 54.
Kd2 Re4 55. Ke1 Rxe2+ 56. Kxe2 Kg6 57. Kd2 Kf5 58. Ke2 b5 59. Kf2 a6 60. Kg3 Ke4 61. Kf2 f5 62. Ke2 f4 63. Kf2 g4 64.
Kg2 Kd3 65. Kf2 Kxc3 66. Ke2 Kxd4 0-1

[Event "Live Chess"]
[Site "Chess.com"]
[Date "2023.05.21"]
[Round "-"]
[White "Conradical12"]
[Black "LL220284LL"]
[Result "0-1"]
[WhiteElo "1582"]
[BlackElo "2328"]
[TimeControl "300"]
[EndTime "5:00:15 PDT"]
[Termination "LL220284LL won by resignation"]

1. e4 g6 2. Nc3 Bg7 3. d4 d6 4. Be3 c6 5. Qd2 b5 6. O-O-O b4 7. Nce2 a5 8. Ng3 Bb7 9. Nf3 Nd7 10. Bd3 h5 11. h4 Ngf6 12. Rhe1 Ng4 13. Bf4 O-O 14. Be2 Nxf2 0-1

[Event "Live Chess"]
[Site "Chess.com"]
[Date "2023.05.21"]
[Round "-"]
[White "djw60"]
[Black "Pandreq"]
[Result "1-0"]
[WhiteElo "2148"]
[BlackElo "1223"]
[TimeControl "300"]
[EndTime "5:00:36 PDT"]
[Termination "djw60 won on time"]

1. g3 Nc6 2. Bg2 d5 3. c4 e6 4. Nf3 Nf6 5. O-O Bd7 6. b3 d4 7. e3 e5 8. exd4 exd4 9. Bb2 Bc5 10. Re1+ Be6 11. a3 O-O 12. b4 Bd6 13. d3 Re8 14. Nbd2 a5 15. b5 Ne7 16. Nxd4 Rb8 17. Nxe6 fxe6 18. Rxe6 Nd7 19. Qg4 Ng6 20. Rae1 Rxe6 21.
Qxe6+ Kh8 22. Ne4 Ndf8 23. Nxd6 Qxd6 24. Qxd6 cxd6 25. f4 Nd7 26. Re6 d5 27. Bxd5 Nc5 28. Re3 b6 29. h4 h6 30. h5 Nf8 31. Re7 1-0

[Event "Live Chess"]
[Site "Chess.com"]
[Date "2023.05.21"]
[Round "-"]
[White "jumush"]
[Black "SupremeTactician"]
[Result "0-1"]
[WhiteElo "1737"]
[BlackElo "2239"]
[TimeControl "300"]
[EndTime "5:00:40 PDT"]
[Termination "SupremeTactician won by resignation"]

1. e4 e5 2. Nc3 Nc6 3. Bc4 Bc5 4. Qg4 Qf6 5. Nd5 Qxf2+ 6. Kd1 Kf8 7. Nh3 h5 8. Nxf2 hxg4 9. Nxg4 Bb6 10. Nxb6 axb6 11. Ne3 d6 12. h3 Nf6 13. d3 Na5 14. Rf1 Nxc4 15. Nxc4 Be6 16. Ne3 Ke7 17. c4 c6 18.
b4 b5 19. Bb2 bxc4 20. Nxc4 Bxc4 21. dxc4 Nxe4 22. Ke2 Ng3+ 23. Ke3 Nxf1+ 24. Rxf1 Ke6 25. a3 f5 26. Rf2 Rh4 27. Rc2 Re4+ 28. Kf2 g5 29. c5 d5 30. Kf3 d4 31. g4 Re3+ 32.
Kf2 fxg4 33. hxg4 Rf8+ 34. Kg2 Rf4 0-1

[Event "Live Chess"]
[Site "Chess.com"]
[Date "2023.05.21"]
[Round "-"]
[White "mattihelenius2"]
[Black "GwaryTek"]
[Result "0-1"]
[WhiteElo "491"]
[BlackElo "2061"]
[TimeControl "300"]
[EndTime "5:00:42 PDT"]
[Termination "GwaryTek won by resignation"]

1. d4 c5 2. e4 cxd4 3. Qxd4 Nc6 4. Qd1 g6 5. Nc3 Bg7 6. Bb5 Nf6 7. Bg5 O-O 8. f3 Qb6 9. Nd5 Qxb5 10. Nxe7+ Nxe7 11. Bxf6 Bxf6 12. Qd3 Qxd3 13. cxd3 Bxb2 14. Rb1 Bc3+ 15.
Kd1 b6 16. Rb3 Bg7 17. Ne2 d5 18. Nf4 dxe4 19. fxe4 Be6 20. Rc3 Bxa2 21. Kd2 Rfc8 22. Rhc1 Bxc3+ 0-1

[Event "Live Chess"]
[Site "Chess.com"]
[Date "2023.05.21"]
[Round "-"]
[White "wot-not"]
[Black "Hacker_2009"]
[Result "0-1"]
[WhiteElo "1540"]
[BlackElo "1929"]
[TimeControl "300"]
[EndTime "5:00:44 PDT"]
[Termination "Hacker_2009 won by resignation"]

1. d4 Nf6 2. c4 e6 3. Nc3 d5 4. Nf3 Be7 5. Bg5 O-O 6. e3 b6 7.
Be2 Bb7 8. Bxf6 Bxf6 9. cxd5 exd5 10. O-O Nd7 11. b4 c5 12. bxc5 bxc5 13. Rb1 Rb8 14. Bb5 cxd4 15. Nxd4 Nb6 16. Bd3 Bxd4 17. exd4 Qf6 18.
Ne2 Rfc8 19. Rc1 Nc4 20. Bxc4 dxc4 21. Nc3 Qg6 22. d5 Rd8 23. Qd4 Ba6 24. Qxa7 Qb6 25. Qxb6 Rxb6 26. Rfe1 h6 27. Re7 Rb2 28. h3 Bb7 29.
Nd1 Rb5 30. Rxc4 Bxd5 31. Rc1 Bxa2 32. Ne3 Be6 33. Rcc7 Rb2 34. f3 Rd3 35. Ng4 Rdd2 36. Ne5 Rxg2+ 37. Kf1 Rbf2+ 38. Ke1 Re2+ 0-1

[Event "Live Chess"]
[Site "Chess.com"]
[Date "2023.05.21"]
[Round "-"]
[White "ElectricFalcon"]
[Black "chessfiction"]
[Result "0-1"]
[WhiteElo "1070"]
[BlackElo "2312"]
[TimeControl "300"]
[EndTime "5:00:50 PDT"]
[Termination "chessfiction won by checkmate"]

1. d4 d5 2. c4 e5 3. e3 e4 4. Nc3 c6 5. cxd5 cxd5 6. Bb5+ Nc6 7. Nge2 Bd6 8. O-O Nf6 9. Qb3 Bxh2+ 10. Kh1 Ng4 11. Ng3 Qh4 12. Rd1 Nxf2# 0-1

[Event "Live Chess"]
[Site "Chess.com"]
[Date "2023.05.21"]
[Round "-"]
[White "MJMykh"]
[Black "Missedidea"]
[Result "1/2-1/2"]
[WhiteElo "1173"]
[BlackElo "1791"]
[TimeControl "300"]
[EndTime "5:00:52 PDT"]
[Termination "Game drawn by stalemate"]

1. e4 c5 2. Nf3 d6 3. h3 g6 4. Nc3 Bg7 5. Bb5+ Bd7 6. Bxd7+ Qxd7 7. O-O Nc6 8. a3 e5 9. d3 Nge7 10. Bg5 O-O 11. Bxe7 Qxe7 12. Qd2 f5 13. exf5 gxf5 14.
Qg5 Qd7 15. Qd2 Nd4 16. Nxd4 cxd4 17. Nd5 Rae8 18. Qa5 b6 19. Qb4 Qc6 20. Qc4 Qxc4 21. dxc4 e4 22. c3 f4 23. cxd4 Bxd4 24. Rab1 Rf5 25.
Nb4 Bc5 26. Nc6 e3 27. fxe3 Bxe3+ 28. Kh2 Rc5 29. Nxa7 Rxc4 30. Nb5 Rc2 31. Nxd6 Rd8 32. Nf5 Rdd2 33. Nxe3 fxe3 34. Rg1 Rxb2 35. Rxb2 Rxb2 36. Re1 Rb3 37. Kg1 Rxa3 38. Kf1 Kf7 39. Ke2 Ke6 40. Kf3 Kf5 41. Rxe3 Rxe3+ 42. Kxe3 b5 43. Kd3 Kf4 44. Ke2 b4 45. Kd3 Kg3 46. Kc4 Kxg2 47. Kxb4 Kxh3 48.
Kc3 Kg3 49. Kd2 h5 50. Ke2 h4 51. Kf1 Kh2 52. Kf2 h3 53. Kf1 Kg3 54. Kg1 h2+ 55.
Kh1 Kh3 1/2-1/2

[Event "Live Chess"]
[Site "Chess.com"]
[Date "2023.05.21"]
[Round "-"]
[White "Biranidun"]
[Black "BJAW87"]
[Result "1-0"]
[WhiteElo "2517"]
[BlackElo "1449"]
[TimeControl "300"]
[EndTime "5:00:55 PDT"]
[Termination "Biranidun won by checkmate"]

1. e4 c6 2. d4 d5 3. e5 Bf5 4.
Nf3 e6 5. Be2 c5 6. Be3 Qb6 7.
Nc3 Qxb2 8. Qb1 Qxc3+ 9. Bd2 Qa3 10. Qxb7 Nd7 11. Qxa8+ Ke7 12. Bb5 Bxc2 13. Qb7 Ba4 14. Qxd7# 1-0

[Event "Live Chess"]
[Site "Chess.com"]
[Date "2023.05.21"]
[Round "-"]
[White "JoshMcK"]
[Black "Reggie016"]
[Result "1-0"]
[WhiteElo "1545"]
[BlackElo "1099"]
[TimeControl "300"]
[EndTime "5:01:02 PDT"]
[Termination "JoshMcK won by resignation"]

1. e4 e6 2. d4 d5 3. Nc3 Bb4 4. e5 Ne7 5. a3 Bxc3+ 6. bxc3 O-O 7. Qg4 Ng6 8. h4 f6 9. exf6 Qxf6 10. Nf3 e5 11. Qg5 e4 12. Qxd5+ Kh8 13. Qxe4 Bf5 14. Qxb7 Nc6 15. Be3 Bxc2 16. Qxc7 a6 17. h5 Rac8 18. Qg3 Nge7 19. h6 g6 20. Bxa6 Nf5 21. Qg5 Qe6 22.
Bxc8 Qxc8 23. O-O 1-0

[Event "Live Chess"]
[Site "Chess.com"]
[Date "2023.05.21"]
[Round "-"]
[White "LiamBellwood"]
[Black "sup3rm0nk3y"]
[Result "0-1"]
[WhiteElo "1894"]
[BlackElo "1348"]
[TimeControl "300"]
[EndTime "5:01:03 PDT"]
[Termination "sup3rm0nk3y won by checkmate"]

1. d4 d5 2. Nc3 Bf5 3. e3 e6 4.
f3 Bb4 5. Bd3 Bxd3 6. Qxd3 c5 7.
a3 c4 8. Qd1 Bd6 9. e4 Ne7 10.
Bg5 Nbc6 11. Nge2 O-O 12. O-O f6 13. Bh4 dxe4 14. fxe4 a6 15. d5 exd5 16. exd5 Ne5 17. Nf4 N5g6 18. Ne6 Qb8 19. Nxf8 Bxh2+ 20. Kh1 Nxh4 21.
Qh5 Qg3 22. Ne4 Qxg2# 0-1

[Event "Live Chess"]
[Site "Chess.com"]
[Date "2023.05.21"]
[Round "-"]
[White "LiamClery2020"]
[Black "ExIsambard"]
[Result "0-1"]
[WhiteElo "1988"]
[BlackElo "1907"]
[TimeControl "300"]
[EndTime "5:01:05 PDT"]
[Termination "ExIsambard won by resignation"]

1. e4 Nc6 2. Nc3 e5 3. Bc4 Bc5 4. Qg4 g6 5. Qg3 Nge7 6. Nf3 d6 7. d3 Na5 8. Bh6 Nxc4 9. dxc4 Be6 10. Nd5 Bxd5 11. cxd5 c6 12. dxc6 Nxc6 13. O-O Qb6 14. Rad1 O-O-O 15. b3 Kb8 16. Nd2 Nd4 17. Qd3 f5 18. Kh1 f4 19. Nc4 Qc6 20. b4 Bb6 21.
b5 Qd7 22. a4 Bc5 23. Rb1 Rhg8 24. Bg5 Rc8 25. b6 a6 26. c3 Ne6 27. Bf6 Qf7 28.
Nxd6 Qxf6 29. Nxc8 Rxc8 30. Rfd1 Ng5 31. Qd7 f3 32. g3 Nxe4 33. Rb2 Bxf2 34. Rbd2 Bc5 35.
Qd5 Qf5 36. Rd4 Nf2+ 0-1

[Event "Live Chess"]
[Site "Chess.com"]
[Date "2023.05.21"]
[Round "-"]
[White "zdanevych"]
[Black "Brooms1989"]
[Result "0-1"]
[WhiteElo "1533"]
[BlackElo "1160"]
[TimeControl "300"]
[EndTime "5:01:08 PDT"]
[Termination "Brooms1989 won by resignation"]

1. d4 Nf6 2. c4 g6 3. Nc3 Bg7 4. e4 d6 5. h3 O-O 6. Nf3 Nbd7 7. Bg5 e5 8. dxe5 dxe5 9. Nd5 c6 10. Nxf6+ Bxf6 11. Bxf6 Qxf6 12. Be2 Nb6 13. O-O Be6 14. b3 Rad8 15. Qc2 Qg7 16. Qc3 f6 17. Rad1 Rd7 18. Rxd7 Bxd7 19. Rd1 Rd8 20. c5 Nc8 21. Bc4+ Kh8 22.
Be6 Qe7 23. Qd3 Qxe6 24. Qxd7 Rxd7 0-1

[Event "Live Chess"]
[Site "Chess.com"]
[Date "2023.05.21"]
[Round "-"]
[White "jbooth"]
[Black "Dhaydon19"]
[Result "0-1"]
[WhiteElo "1701"]
[BlackElo "2701"]
[TimeControl "300"]
[EndTime "5:01:29 PDT"]
[Termination "Dhaydon19 won by resignation"]

1. e4 c6 2. d4 d5 3. Nc3 dxe4 4.
Nxe4 Nf6 5. Nxf6+ exf6 6. c3 Bd6 7. Bd3 O-O 8. Ne2 Re8 9. O-O Nd7 10. Be3 Nf8 11. Qd2 Ng6 12. f4 Qe7 13. Rf3 Bg4 14. Rg3 Bxe2 15. Qxe2 Bxf4 0-1